 Dungeon Crawl Stone Soup version 0.31-a0-217-g58bb5d79cf (webtiles) character file.

Game seed: 6539973522049243525

609 qw the Shooter (level 7, -1/59 HPs)
             Began as a Minotaur Hexslinger on July 2, 2023.
             Was an Initiate of Okawaru.
             Slain by a water moccasin (4 damage)
             ... on level 5 of the Dungeon.
             The game lasted 00:01:47 (3464 turns).

qw the Shooter (Minotaur Hexslinger)                Turns: 3464, Time: 00:01:47

Health: -1/59      AC:  6    Str: 11 (12) XL:     7   Next: 19%
Magic:  7/7        EV: 10    Int:  9 (10) God:    Okawaru [......]
Gold:   220        SH:  0    Dex: 12 (15) Spells: 7/8 levels left

rFire   . . .        Y - +2 sling
rCold   + . .        (no shield)
rNeg    . . .        h - +0 ring mail
rPois   .            (helmet restricted)
rElec   .            (no cloak)
rCorr   .            a - +0 pair of gloves
SInv    .            (no boots)
Will    .....        (no amulet)
Stlth   +            d - ring of protection from cold
HPRegen 0.29/turn    (no ring)
MPRegen 0.10/turn

%: no passive effects
@: lethally poisoned (-1 -> -16)
A: horns 2, retaliatory headbutt
a: Renounce Religion


You were on level 5 of the Dungeon.
You worshipped Okawaru.
Okawaru was noncommittal.
You visited 1 branch of the dungeon, and saw 5 of its levels.

You collected 220 gold pieces.


Innate Abilities, Weirdness & Mutations

You have a pair of horns on your head.
You reflexively headbutt those who attack you in melee.


   Skills:
 - Level 4.0 Fighting
 + Level 7.9 Ranged Weapons
 - Level 1.1 Armour
 - Level 2.1 Dodging
 - Level 1.0 Spellcasting
 - Level 2.0 Hexes


You had 7 spell levels left.
You knew the following spells:

 Your Spells              Type           Power      Damage    Failure   Level
a - Slow                  Hex            16%        N/A       36%         1

Your spell library contained the following spells:

 Spells                   Type           Power      Damage    Failure   Level
 Inner Flame              Hex/Fire       2%         N/A       86%         3
 Portal Projectile        Hex/Tloc       4%         N/A       86%         3
 Cause Fear               Hex            2%         N/A       98%         4

Inventory:

Hand Weapons
 Y - a +2 sling (weapon)
Armour
 a - a +0 pair of gloves (worn)
 h - a +0 ring mail (worn)
Jewellery
 d - a ring of protection from cold (left hand)
Scrolls
 i - a scroll of identify
Potions
 b - a potion of mutation
 c - a potion of magic {unknown}
 e - a potion of berserk rage {unknown}
 f - a potion of ambrosia {unknown}
 g - 3 potions of haste
 j - a potion of heal wounds {unknown}

Dungeon Overview and Level Annotations

Branches:
Dungeon (5/15)
 Temple: D:4-7

Altars:
Makhleb
Okawaru


Message History

You shoot a sling bullet.
The sling bullet completely misses the water moccasin.
You feel very sick.
The water moccasin bites you but does no damage.
You shoot a sling bullet.
The sling bullet hits the water moccasin.
The water moccasin is heavily wounded.
You feel very sick. The water moccasin closely misses you.
The water moccasin bites you.
You shoot a sling bullet.
The sling bullet barely misses the water moccasin.
You feel very sick. The water moccasin barely misses you.
You shoot a sling bullet.
The sling bullet barely misses the water moccasin.
You feel sick. The water moccasin bites you.
The water moccasin bites you but does no damage.
You shoot a sling bullet.
The sling bullet hits the water moccasin!
The water moccasin is severely wounded.
You feel sick. The water moccasin bites you.
You are more poisoned.
The water moccasin poisons you!
You shoot a sling bullet.
The sling bullet closely misses the water moccasin.
You feel very sick. The water moccasin bites you.
You are lethally poisoned!
The water moccasin poisons you!
The water moccasin bites you but does no damage.
You shoot a sling bullet.
The sling bullet misses the water moccasin.
You feel very sick. The water moccasin closely misses you.
You furiously retaliate!
You headbutt the water moccasin. The water moccasin bites you.
You shoot a sling bullet.
The sling bullet barely misses the water moccasin.
You feel very sick. The water moccasin bites you.
You die...

~~~~~~~~~~~ ..##
~~~~~PP~~~77...
~~~~7P~~~~7..#
~~7~~7~~~7...#
~~P~~~P7~~..#
7~~~~~##.#
7P~7~7.#####
~~7~77###..#...##
......%<#%..@...#
.......#...##S###
.......#._.# .#
#....).....# ##
##...#....##
#....##.... #...
###..# .... ..##
.#


You could see a water moccasin.

Vanquished Creatures
  An ogre (D:4)
  A phantom (D:5)
  A scorpion (D:4)
  2 orc priests
  A hound (D:5)
  Natasha (thrice) (D:3)
  2 orc wizards (D:3)
  7 adders
  2 worms
  3 dart slugs
  12 orcs
  6 ball pythons
  10 endoplasms
  3 giant cockroaches
  9 goblins
  5 hobgoblins
  7 jackals
  4 quokkas
  6 bats
  8 frilled lizards
  14 kobolds
  2 rats
109 creatures vanquished.

Notes
Turn   | Place    | Note
-------+----------+-------------------------------------------
     0 | D:1      | qw the Minotaur Hexslinger began the quest for the Orb.
     0 | D:1      | Reached XP level 1. HP: 16/16 MP: 1/1
     0 | D:1      | 0 ||| qw: Version: 0.3-a-40-ge99b1a8
     0 | D:1      | 0 ||| qw: Game counter: 8027
     0 | D:1      | 0 ||| qw: Melee chars always use a shield: true
     0 | D:1      | 0 ||| qw: God list: Okawaru
     0 | D:1      | 0 ||| qw: Allow faded altars: false
     0 | D:1      | 0 ||| qw: Do Orc after clearing Dungeon:15 true
     0 | D:1      | 0 ||| qw: Do second Lair branch before Depths: true
     0 | D:1      | 0 ||| qw: Lair rune preference: random
     0 | D:1      | 0 ||| qw: Goals: Normal
     0 | D:1      | 0 ||| PLANNING D:1-11
    49 | D:1      | 49 ||| UPGRADING to ring of protection from cold.
    50 | D:1      | 50 ||| DROPPING scroll of poison.
    64 | D:1      | HP: 3/16 [ball python (2)]
    65 | D:1      | HP: 1/16 [bat (1)]
    66 | D:1      | Reached skill level 3 in Ranged Weapons
    67 | D:1      | Reached XP level 2. HP: 2/23 MP: 2/2
    71 | D:1      | 71 ||| FLEEEEING.
    85 | D:1      | 85 ||| FLEEEEING.
    89 | D:1      | 89 ||| FLEEEEING.
    91 | D:1      | 91 ||| Stepping ~*~*~tactically~*~*~ (water).
   102 | D:1      | 102 ||| FLEEEEING.
   104 | D:1      | 104 ||| FLEEEEING.
   106 | D:1      | 106 ||| FLEEEEING.
   108 | D:1      | 108 ||| FLEEEEING.
   110 | D:1      | 110 ||| FLEEEEING.
   117 | D:1      | 117 ||| FLEEEEING.
   119 | D:1      | 119 ||| FLEEEEING.
   121 | D:1      | 121 ||| FLEEEEING.
   123 | D:1      | 123 ||| FLEEEEING.
   125 | D:1      | 125 ||| FLEEEEING.
   127 | D:1      | 127 ||| FLEEEEING.
   129 | D:1      | 129 ||| FLEEEEING.
   131 | D:1      | 131 ||| FLEEEEING.
   133 | D:1      | 133 ||| FLEEEEING.
   135 | D:1      | 135 ||| FLEEEEING.
   137 | D:1      | 137 ||| FLEEEEING.
   139 | D:1      | 139 ||| FLEEEEING.
   141 | D:1      | 141 ||| FLEEEEING.
   143 | D:1      | 143 ||| FLEEEEING.
   145 | D:1      | 145 ||| FLEEEEING.
   147 | D:1      | 147 ||| FLEEEEING.
   149 | D:1      | 149 ||| FLEEEEING.
   151 | D:1      | 151 ||| FLEEEEING.
   234 | D:1      | 234 ||| FLEEEEING.
   235 | D:1      | 235 ||| FLEEEEING.
   269 | D:1      | Reached XP level 3. HP: 28/29 MP: 3/3
   490 | D:1      | 490 ||| UPGRADING to +0 ring mail.
   500 | D:1      | 500 ||| DROPPING +0 robe.
   501 | D:1      | 501 ||| READING scroll labelled LUADIS YSKAP.
   502 | D:1      | 502 ||| READING scroll labelled HES QEUPUR.
   503 | D:1      | 503 ||| DRINKING 2 lumpy grey potions.
   528 | D:2      | Reached skill level 4 in Ranged Weapons
   539 | D:2      | Reached skill level 1 in Armour
   608 | D:2      | You fall into a shaft and drop 1 floor!
   623 | D:3      | Reached XP level 4. HP: 32/36 MP: 4/4
   642 | D:3      | HP: 6/36 [orc/+0 trident (6)]
   706 | D:3      | Reached skill level 5 in Ranged Weapons
   990 | D:3      | Reached XP level 5. HP: 27/42 MP: 5/5
  1068 | D:3      | Reached skill level 3 in Fighting
  1092 | D:3      | Found an iron altar of Okawaru.
  1093 | D:3      | 1093 ||| PLANNING OKAWARU WORSHIP
  1093 | D:3      | 1093 ||| UPGRADING to +0 pair of gloves.
  1098 | D:3      | 1098 ||| READING scroll labelled TENIJU QUNESA.
  1134 | D:3      | Became a worshipper of Warmaster Okawaru
  1135 | D:3      | 1135 ||| PLANNING D:1-11
  1602 | D:2      | 1602 ||| READING scroll labelled FOTHRU LINWU.
  1603 | D:2      | 1603 ||| READING scroll labelled HIXZIZ OHIDD.
  1720 | D:3      | Noticed Natasha
  1734 | D:3      | Killed Natasha
  1743 | D:3      | Noticed Natasha
  1747 | D:3      | Killed Natasha
  1748 | D:3      | Reached skill level 6 in Ranged Weapons
  1915 | D:3      | Found Zoffaclut's Weapon Boutique.
  1969 | D:3      | Noticed Natasha
  1977 | D:3      | Killed Natasha
  2052 | D:3      | Reached XP level 6. HP: 52/52 MP: 6/6
  2248 | D:3      | 2248 ||| READING scroll labelled INIEFE VIMPUB.
  2249 | D:3      | 2249 ||| DRINKING 2 bubbling clear potions.
  2250 | D:3      | 2250 ||| DROPPING potion of degeneration.
  2258 | D:4      | 2258 ||| PLANNING SEWER
  2593 | D:4      | HP: 13/52 [poisoned by a scorpion]
  2811 | D:4      | Reached skill level 7 in Ranged Weapons
  2856 | D:4      | 2856 ||| RIP SEWER
  2888 | D:4      | 2888 ||| PLANNING D:1-11
  3367 | D:4      | 3367 ||| READING 2 scrolls of identify.
  3367 | D:4      | 3367 ||| IDENTIFYING lumpy green potion
  3385 | D:5      | Entered Level 5 of the Dungeon
  3385 | D:5      | Found a burning altar of Makhleb.
  3400 | D:5      | Reached XP level 7. HP: 52/59 MP: 7/7
  3462 | D:5      | HP: 14/59 [poisoned by a water moccasin]
  3463 | D:5      | HP: 6/59 [water moccasin (1)]
  3464 | D:5      | Slain by a water moccasin

Levels and vault maps discovered:
D:1:      lightli_arrival_boilingwater, layout_basic, serial_bayou_lagoon_a
D:2:      layout_loops_ring, minmay_cupped
D:3:      layout_loops_ring, overflow_temple_1_default, serial_shops,
          nicolae_square_shop, uniq_natasha
D:4:      layout_loops_cross, portal_sewer_entry_d, dk_noncrumbling_3
D:5:      kennysheep_six_static_rooms, layout_cave_pools,
          nemelex_dance_club_becter, bloody_makhleb, ashenzari_altar_1,
          abandoned_shop, minmay_shop_grid_forest, serial_bayou_lake_a

Skill      XL: |  1  2  3  4  5  6 |
---------------+-------------------+-----
Ranged Weapons | 3 4 5 6 7 |  7.9
Fighting       | 2 3 4 |  4.0
Armour         | 1 |  1.1
Dodging        | |  2.1
Spellcasting   | |  1.0
Hexes          | |  2.0

Action                     |  1- 3 |  4- 6 |  7- 9 || total
---------------------------+-------+-------+-------++-------
   Fire: Sling             |   128 |   268 |    16 ||   412
    Use: Scroll            |     2 |     5 |       ||     7
         Potion            |     1 |     1 |       ||     2
 Armour: Robe              |     4 |       |       ||     4
         Ring mail         |     5 |    53 |     5 ||    63
  Dodge: Dodged            |    36 |   105 |     5 ||   146

Table legend:
 A = Non-vault XP
 B = Vault XP
 C = Vault XP percentage of total XP
 D = Non-vault monster count
 E = Vault monster count
 F = Vault count percentage of total count
                 A         B        C        D         E       F
            +---------+---------+-------+---------+---------+-------
      Total |     817 |      54 |   6.2 |     104 |       5 |   4.6
            +---------+---------+-------+---------+---------+-------
        D:1 |      62 |       0 |   0.0 |      33 |       0 |   0.0
        D:2 |      37 |       5 |  11.9 |      15 |       3 |  16.7
        D:3 |     253 |      35 |  12.2 |      29 |       1 |   3.3
        D:4 |     319 |      14 |   4.2 |      24 |       1 |   4.0
        D:5 |     146 |       0 |   0.0 |       3 |       0 |   0.0
            +---------+---------+-------+---------+---------+-------
